 Dungeon Crawl Stone Soup version 0.30-a0-459-g9104f0fc43 (webtiles) character file.

Game seed: 9639320406690257229

23 tilp the Shield-Bearer (level 3, -5/31 HPs)
             Began as a Meteoran Fighter on Dec 15, 2022.
             Succumbed to a scorpion's poison
             ... on level 3 of the Dungeon.
             The game lasted 00:03:00 (351 turns).

tilp the Shield-Bearer (Meteoran Fighter)            Turns: 351, Time: 00:03:01

Health: -5/31      AC:  7    Str: 17    XL:     3   Next: 29%
Magic:  4/4        EV:  9    Int: 10    God:
Gold:   25         SH:  5    Dex: 15    Spells: 2/2 levels left

rFire   . . .      SeeInvis .    a - +0 long sword
rCold   . . .      Faith    .    c - +0 buckler
rNeg    . . .      Spirit   .    b - +0 scale mail
rPois   .          Reflect  .    (no helmet)
rElec   .          Harm     .    (no cloak)
rCorr   .          Rampage  .    (no gloves)
Will    .....                    (no boots)
Stlth   ..........               (no amulet)
HPRegen 0.25/turn                (no ring)
MPRegen 0.09/turn                (no ring)

@: mighty, lethally poisoned (-5 -> -34), glowing
A: sense surroundings 1, otherworldly, glowing, explore regen
a: no special abilities


You were on level 3 of the Dungeon.
You visited 1 branch of the dungeon, and saw 4 of its levels.

You collected 25 gold pieces.

Inventory:

Hand Weapons
 a - a +0 long sword (weapon)
Armour
 b - a +0 scale mail (worn)
 c - a +0 buckler (worn)
Scrolls
 e - a scroll of identify {unknown}
Potions
 f - 2 potions of flight {unknown}


   Skills:
 + Level 3.4 Fighting
 + Level 2.8 Long Blades
 + Level 3.8 Armour
 + Level 1.0 Dodging
 + Level 0.6 Stealth
 + Level 3.9 Shields


You had 2 spell levels left.
You didn't know any spells.
Your spell library contained the following spells:

 Spells                   Type           Power      Damage    Failure   Level
 Gell's Gravitas          Tloc           0%         N/A       99%         3
 Teleport Other           Tloc           0%         N/A       99%         3
 Dispersal                Tloc           0%         N/A       100%        6


Dungeon Overview and Level Annotations

Branches:
Dungeon (4/15) Zot: 2038
 Temple: D:4-7

Altars:

Shops:
D:3 !


Innate Abilities, Weirdness & Mutations

You passively map a small area around you.
You are easily found by Zot.
You glow in the dark.
You regain HP and MP as you explore.


Message History

The goblin closely misses you. The goblin hits you but does no damage.
You hit the goblin.
The goblin is severely wounded.
You block the goblin's attack.
You slash the goblin!
You kill the goblin!
You see here a +0 club.
You see here a +0 hand axe.
A scorpion comes into view.
You block the scorpion's attack.
You barely miss the scorpion. The scorpion stings you.
You barely miss the scorpion.
The scorpion stings you but does no damage.
You block the scorpion's attack.
You closely miss the scorpion.
The scorpion stings you but does no damage.
You hit the scorpion but do no damage. The scorpion completely misses you.
The scorpion barely misses you.
You closely miss the scorpion. The scorpion stings you.
You are poisoned.
The scorpion poisons you! The scorpion stings you.
You barely miss the scorpion.
You feel very sick.
The scorpion stings you but does no damage.
You feel very mighty all of a sudden.
You feel very sick. The scorpion stings you.
You slash the scorpion!
The scorpion is almost dead.
You feel sick. The scorpion stings you.
* * * LOW HITPOINT WARNING * * *
You are lethally poisoned!
The scorpion poisons you! The scorpion stings you.
* * * LOW HITPOINT WARNING * * *
You are more poisoned.
The scorpion poisons you!
Unknown command.
You slash the scorpion!
You kill the scorpion!
You die...

**#.* ##.##, .# *
* ## #.####### ,
#.......# ** * *
####.#### * * *
##.##.## ,
####......##### ,
,+...............
,
####......#####.
, * ##@#...# *,
##....# #..#.# *
#..#.# #..#.# * *
#....# * .### , *
.# , , , ,


There were no monsters in sight!

Vanquished Creatures
  A scorpion (D:3)
  A gnoll (D:3)
  A dart slug (D:1)
  An orc (D:3)
  4 goblins
  A kobold (D:1)
  A quokka (D:2)
  A bat (D:1)
11 creatures vanquished.

Notes
Turn   | Place    | Note
-------+----------+-------------------------------------------
     0 | D:1      | tilp the Meteoran Fighter began the quest for the Orb.
     0 | D:1      | Reached XP level 1. HP: 19/19 MP: 2/2
    55 | D:1      | Reached XP level 2. HP: 26/26 MP: 3/3
   197 | D:3      | Reached XP level 3. HP: 16/31 MP: 4/4
   254 | D:3      | Found Yradudgh's Distillery.
   283 | D:4      | Noticed a black bear
   314 | D:3      | Reached skill level 1 in Dodging
   339 | D:3      | Noticed a scorpion
   351 | D:3      | Killed a scorpion
   351 | D:3      | Succumbed to a scorpion's poison

Illustrated notes

Levels and vault maps discovered:
D:1:      lordsloth_arrival_two_stooges, layout_basic,
          shapermc_ecumenical_altar_acropolis
D:2:      minmay_evil_eye, layout_basic, corexii_corridor_pit,
          uniq_crazy_yiuf_cottage
D:3:      wad_crossroads, layout_loops_corners, mainiacjoe_overflow_swirl,
          serial_shops, nicolae_shop_hallway_stairs
D:4:      layout_loops_ring, serial_shops, shop, kennysheep_path_1,
          minmay_misc_feat_rows, small_statue_intersection, uniq_duvessa,
          uniq_sigmund

Skill      XL: |  1  2  3 |
---------------+----------+-----
Dodging        | 1 |  1.0
Fighting       | |  3.4
Long Blades    | |  2.8
Armour         | |  3.8
Stealth        | |  0.6
Shields        | |  3.9

Action                   || total
-------------------------++-------
Melee: Long sword        ||    35
  Use: Potion            ||     1
Armor: Scale mail        ||    13
Dodge: Dodged            ||    12
Block: Buckler           ||     9

Table legend: (Time is in decaauts)
 A = Elapsed time spent in this place.
 B = Non-inter-level travel time spent in this place.
 C = Inter-level travel time spent in this place.
 D = Time resting spent in this place.
 E = Time spent auto-exploring this place.
 F = Levels seen in this place.
 G = Mean time per level.
                   A        B        C        D        E       F      G
               +--------+--------+--------+--------+--------+-----+--------+
         Total |    361 |    361 |      0 |      0 |      0 |   4 |   90.2 |
       Dungeon |    361 |    361 |      0 |      0 |      0 |   4 |   90.2 |
               +--------+--------+--------+--------+--------+-----+--------+

Top non-repeatable levels by time:
     D:3: 195 daAuts
     D:1: 83 daAuts
     D:2: 73 daAuts
     D:4: 9 daAuts
